Map: Kairos Junction LE

Players

Neeb - Winner!

  • Race: Protoss Protoss
  • League: Master
  • Spawn Location: 11:00

SpeCial

  • Race: Terran Terran
  • Spawn Location: 5:00

Event: IEM Season 13 - Katowice Server Qualifiers America

VOD

Have the link to the VOD?

Description

Time

  • Played on: Jan. 6, 2019, 6 p.m.
  • Length: 7:32

All games in this series

Show
View Real Time Build Order
Export as new Build Order

Neeb Protoss - Winner!

Build Orders: Oracle Opening 

Get SALT Encoding   

  12  0:00  Probe  
  13  0:12  Probe  
  14  0:16  Pylon  
  14  0:24  Probe  
  15  0:32  Probe  
  15  0:38  Gateway  
  15  0:40  Probe  
  17  0:50  Pylon  
  17  0:51  Probe  
  18  0:58  Assimilator  
  18  1:03  Probe  
  19  1:11  Gateway  
  19  1:15  Probe  
  20  1:27  Cybernetics Core  
  20  1:28  Probe  
  21  1:33  Zealot  
  21  1:39  Assimilator  
  23  1:42  Probe  
  24  1:53  Stalker  
  24  1:54  Probe  
  24  1:55  Stalker  
  25  2:06  Probe  
  30  2:12  Pylon  
  30  2:30  Stalker x2  
  30  2:33  Pylon  
  34  2:41  Warp Gate  
  33  2:51  Probe  
  33  2:53  Pylon  
  34  3:02  Adept  
  36  3:07  Stargate  
  36  3:24  Nexus  
  36  3:25  Probe  
  37  3:37  Probe  
  37  3:38  Pylon  
  37  3:40  Oracle  
  38  3:49  Probe  
  42  4:01  Probe  
  43  4:06  Oracle  
  43  4:13  Probe  
  43  4:15  Gateway  
  47  4:25  Probe  
  47  4:36  Probe, Phoenix  
  47  4:38  Probe  
  50  4:47  Pylon  
  50  4:48  Probe  
  50  4:50  Probe  
  50  4:51  Shield Battery  
  52  5:00  Probe  
  52  5:01  Phoenix  
  52  5:02  Probe  
  56  5:12  Probe  
  57  5:14  Stalker x2  
  57  5:20  Probe  
  62  5:25  Probe  
  62  5:26  Phoenix  
  65  5:29  Adept  
  65  5:32  Pylon, Shield Battery  
  67  5:39  Adept x2  
  71  5:44  Probe  
  71  5:46  Probe  
  71  6:01  Probe  
  58  6:07  Oracle, Stalker x2  
  58  6:12  Probe  
  58  6:16  Probe  
  58  6:17  Assimilator  
  61  6:18  Assimilator  
  61  6:24  Probe  
  62  6:28  Pylon  
  62  6:29  Probe  
  63  6:33  Stalker  
  63  6:34  Stalker  
  63  6:36  Nexus  
  63  6:37  Probe  
  68  6:41  Probe  
  69  6:50  Robotics Facility  
  69  6:52  Probe  
  70  6:55  Probe  
  71  7:01  Adept x3  
  77  7:09  Probe x2  
  79  7:16  Assimilator  
  79  7:17  Assimilator  
Show
View Real Time Build Order
Export as new Build Order

SpeCial Terran 

Build Orders:  

Get SALT Encoding   

  12  0:00  SCV  
  13  0:13  SCV  
  14  0:17  Supply Depot  
  14  0:25  SCV  
  15  0:38  SCV  
  15  0:39  Barracks  
  16  0:44  Refinery  
  16  0:50  SCV  
  16  0:55  Refinery  
  17  1:02  SCV  
  18  1:15  SCV  
  19  1:27  Reaper, Orbital Command  
  20  1:39  Supply Depot  
  20  1:43  Factory  
  20  1:53  SCV  
  21  1:59  Reaper  
  22  2:05  SCV  
  23  2:16  Bunker  
  23  2:19  SCV  
  24  2:28  Hellion  
  26  2:31  SCV  
  26  2:32  Supply Depot  
  27  2:37  Reaper  
  27  2:42  Starport  
  27  2:44  SCV  
  28  2:56  SCV  
  28  2:58  Factory Tech Lab  
  29  3:08  SCV  
  29  3:09  Command Center  
  30  3:17  Supply Depot  
  30  3:20  Siege Tank  
  30  3:22  SCV  
  30  3:24  Starport Tech Lab  
  34  3:29  Barracks Reactor  
  34  3:34  SCV  
  35  3:45  Banshee  
  38  3:57  SCV  
  39  4:12  Supply Depot  
  39  4:15  Marine x2, Cyclone  
  44  4:17  Cloaking Field  
  44  4:18  SCV  
  44  4:22  Orbital Command  
  43  4:32  Marine x2  
  43  4:34  Banshee  
  46  4:38  SCV  
  46  4:42  Supply Depot  
  46  4:50  Marine x2, SCV  
  49  4:57  Orbital Command  
  52  5:00  Siege Tank  
  52  5:03  SCV  
  53  5:08  Marine x2  
  53  5:11  Supply Depot  
  55  5:15  SCV  
  55  5:20  Banshee  
  59  5:26  Marine, SCV  
  59  5:27  SCV  
  59  5:32  Marine  
  60  5:38  SCV  
  60  5:39  SCV  
  60  5:40  Siege Tank  
  65  5:46  Marine  
  66  5:50  Marine, SCV  
  66  5:51  SCV  
  66  5:54  Supply Depot  
  68  6:03  Marine  
  55  6:08  Marine  
  55  6:10  Banshee  
  50  6:16  Cyclone  
  48  6:21  Marine  
  48  6:24  SCV x2  
  49  6:25  Marine  
  48  6:36  SCV x2  
  48  6:39  Marine  
  51  6:43  Marine  
  52  6:48  SCV  
  52  6:49  SCV  
  52  6:51  Cyclone  
  57  6:57  Marine  
  57  7:01  Marine, SCV x2  
  60  7:07  Supply Depot  
  58  7:13  SCV x2  

Tags
 
Add a new tag
Caveats
  • Supply blocks, unpowered buildings, or Contaminate may cause inaccurate times.
  • Supply counts are checked every 10 seconds.